 Dungeon Crawl Stone Soup version 0.16.1-4-g8e1b745 (webtiles) character file.

147 Zapata the Cudgeler (level 5, 0/48 HPs)
             Began as a Kobold Berserker on Mar 26, 2015.
             Was a Priest of Trog.
             Slain by an orc
             ... wielding a +0 mace
              (7 damage)
             ... on level 3 of the Dungeon.
             The game lasted 00:03:18 (3675 turns).

Zapata the Cudgeler (Kobold Berserker)              Turns: 3675, Time: 00:03:19

Health: 0/48       AC:  3    Str: 20    XL:     5   Next: 55%
Magic:  5/5        EV: 15    Int:  5    God:    Trog [***...]
Gold:   88         SH:  0    Dex: 17    Spells: 0 memorised, 4 levels left

rFire  . . .     SeeInvis .     a - +0 mace
rCold  . . .     Clarity  .     b - +0 animal skin
rNeg   + . .     SustAb   .     (no shield)
rPois  .         Gourm    .     p - +0 helmet
rElec  .         Spirit   .     (no cloak)
rCorr  .         Warding  .     (no gloves)
rMut   .         Stasis   .     (no boots)
MR     .....                    (no amulet)
Stlth  ..........               (no ring)
                                n - ring of positive energy

@: berserking, very quick, not resistant to hostile enchantments, extremely
unstealthy
A: carnivore 3
a: Burn Spellbooks, Berserk, Trog's Hand, Renounce Religion


You were on level 3 of the Dungeon.
You worshipped Trog.
Trog was most pleased with you.
You were very full.

You visited 1 branch of the dungeon, and saw 3 of its levels.

You collected 88 gold pieces.

Inventory:

Hand weapons
 a - a +0 mace (weapon)
Missiles
 e - 105 stones (quivered)
 g - 34 bolts
Armour
 b - a +0 animal skin (worn)
 p - a +0 helmet (worn)
Jewellery
 n - a ring of positive energy (left hand)
Scrolls
 d - 2 scrolls of remove curse {unknown}
 h - a scroll of enchant weapon {unknown}
 i - a scroll of amnesia {unknown}
 j - 2 scrolls of identify {unknown}
 l - a scroll of magic mapping {unknown}
 o - a scroll of random uselessness {unknown}
Potions
 f - a potion of mutation {unknown}
 k - 2 potions of restore abilities {unknown}
 m - a potion of ambrosia {unknown}
 q - 2 potions of curing {unknown}
 s - a potion of cancellation {unknown}
Comestibles
 c - 3 meat rations
 r - 2 slices of pizza


   Skills:
 - Level 3.2 Fighting
 + Level 5.8 Maces & Flails
 - Level 1.5 Armour
 - Level 2.4 Dodging


You had 4 spell levels left.
You didn't know any spells.

Dungeon Overview and Level Annotations

Branches:
Dungeon (3/15)

Altars:
Elyvilon
Kikubaaqudgha


Innate Abilities, Weirdness & Mutations

You are small and have problems with some larger weapons.
You are carnivorous and can eat meat at any time.


Message History

You are too injured to fight recklessly!
Unknown command.
You are too injured to fight recklessly!
Unknown command.
You are too injured to fight recklessly!
Unknown command.
You are too injured to fight recklessly!
You hit the orc.
You kill the orc!
Trog accepts your kill. The orc hits you with a mace.
* * * LOW HITPOINT WARNING * * *
Dmg: -4%(-2hp) hp: 21%(10hp)
You hit the orc!
You kill the orc!
Trog accepts your kill. The orc hits you with a mace.
* * * LOW HITPOINT WARNING * * *
The orc barely misses you. The orc hits you with a mace!
You die...

##### ###...###
#############.......#
.....................#
.#####...............#
........######.......#
.........## ###...#####
..........# ##.......##
..........# #)@o....<.#
..........# #)oo......#
.........## #.........
#.......#######.........
........................
####.##########........
# #......## #....... #
##.......## ##.....
###.........# ###


You could see 3 orcs.

Vanquished Creatures
  An orc wizard (D:3)
  3 adders
  2 worms (D:2)
  2 giant geckos
  3 oozes
  6 orcs (D:3)
  A ball python (D:3)
  4 giant cockroaches
  7 hobgoblins
  6 jackals
  4 bats
  4 giant newts
  6 goblins
  12 kobolds
  2 quokkas (D:2)
  10 rats
73 creatures vanquished.

Notes
Turn   | Place    | Note
--------------------------------------------------------------
     0 | D:1      | Zapata, the Kobold Berserker, began the quest for the Orb.
     0 | D:1      | Reached XP level 1. HP: 14/14 MP: 1/1
   437 | D:1      | Reached XP level 2. HP: 16/19 MP: 2/2
  1097 | D:1      | Acquired Trog's second power
  1151 | D:1      | Reached skill level 4 in Maces & Flails
  1151 | D:1      | Reached XP level 3. HP: 23/23 MP: 3/3
  1751 | D:2      | HP: 1/23 [poisoned by an adder]
  1807 | D:2      | HP: 1/23 [ooze (1)]
  1808 | D:2      | Reached XP level 4. HP: 1/28 MP: 4/4
  2631 | D:2      | Reached skill level 5 in Maces & Flails
  3206 | D:3      | Reached XP level 5. HP: 30/32 MP: 5/5
  3615 | D:3      | Found an ancient bone altar of Kikubaaqudgha.
  3622 | D:3      | Found a white marble altar of Elyvilon.
  3675 | D:3      | Slain by an orc

Action                   |  1- 3 |  4- 6 || total
-------------------------+-------+-------++-------
Melee: Mace              |    95 |   149 ||   244
Throw: Stone             |     4 |       ||     4
Invok: Berserk           |     3 |     4 ||     7
       Trog's Hand       |       |     1 ||     1
 Stab: Sleeping          |       |     2 ||     2
  Eat: Chunk             |    11 |    12 ||    23
